 Dungeon Sprint DCSS version 0.31.0-32-g396128a36d (webtiles) character file.

Game seed: 12379601802199323257

15052 Groucho the Unseen (level 11, -11/70 HPs)
             Began as a Felid Shapeshifter on Mar 22, 2024.
             Was an Elder of Uskayaw.
             Mangled by an orc knight
             ... wielding a +0 war axe
              (18 damage)
             ... in the Dungeon (Sprint IX: "|||||||||||||||||||||||||||||").
             The game lasted 00:04:23 (1610 turns).

Groucho the Unseen (Felid Shapeshifter)             Turns: 1610, Time: 00:04:24

Health: -11/70     AC:  4    Str: 10    XL:     11   Next: 96%
Magic:  16/22      EV: 30    Int: 14    God:    Uskayaw [****..]
Gold:   10         SH:  0    Dex: 20    Spells: 10/10 levels left
                                        Lives:  0   Deaths: 4

rFire   . .          .
                       - Unarmed
rCold   . . .        (shield unavailable)
rNeg    . . .        (body armour unavailable)
rPois   .            (helmet unavailable)
rElec   .            (cloak unavailable)
rCorr   .            (gloves unavailable)
SInv    +            (boots unavailable)
Will    +....        (no amulet)
Stlth   +++++++      l - +2 ring of protection
HPRegen 0.31/turn    m - +2 ring of evasion
MPRegen 0.18/turn

%: no teleportation
@: beast-form
A: beast (slay +4), very small, claws 1, fangs 3, see invisible, shaggy fur 2,
stealthy paws, no weapons or thrown items, no armour, multi-lived
a: Begin Untransformation, Renounce Religion, Stomp, Line Pass


You were in the Dungeon.
You worshipped Uskayaw.
Uskayaw was pleased with you.
You were a hulking beast.
You visited 1 branch You collected 10 gold pieces.

Inventory:

Jewellery
 l - a +2 ring of protection (left paw)
 m - a +2 ring of evasion (right paw)
 n - a ring of protection from cold
 o - a ring of protection from fire
 p - a ring of fire
 q - a ring of protection from fire
Talismans
 b - a beast talisman
 c - a flux talisman
Wands
 k - a wand of roots (10)
Scrolls
 i - 2 scrolls of blinking
 j - 2 scrolls of amnesia
 t - a scroll of identify
 u - a scroll of fear
 v - a scroll of fog
Potions
 a - a potion of lignification
 d - 5 potions of curing
 g - 4 potions of magic
 h - a potion of heal wounds
 s - a potion of resistance


   Skills:
 * Level 14.0 Fighting
 + Level 13.1 Dodging
 * Level 19.2 Stealth
 * Level 14.2 Unarmed Combat
 * Level 13.9 Invocations
 + Level 8.9 Shapeshifting


You had 10 spell levels left.
You didn't know any spells.
Your spell library was empty.

Dungeon Overview and Level Annotations

Branches:
Dungeon (1/1)

Altars:
Cheibriados
Dithmenos
Elyvilon
Fedhas
Gozag
Hepliaklqana
Kikubaaqudgha
Makhleb
Nemelex Xobeh
Okawaru
Qazlal
Ru
Sif Muna
Trog
Uskayaw
Vehumet
Wu Jian
Xom
Yredelemnul
Zin
The Shining One
Jiyva
Lugonu

Shops:
D *!?*


Innate Abilities, Weirdness & Mutations

You are a hulking beast.
Your limbs bulge with bestial killing power. (Slay +4)
You have sharp claws.
You have razor-sharp teeth.
You have supernaturally acute eyesight. (SInv)
You are covered in thick fur. (AC +2)
Your paws help you pounce on unaware monsters.
You are incapable of wielding weapons or throwing items.
You cannot wear armour.
You gain extra lives every three experience levels.


Message History

The orc knight is moderately wounded.
Unknown command.
You catch the helpless orc knight completely off-guard!
You eviscerate the orc knight!!!
You kill the orc knight!
An orc knight comes into view. It is wielding a +2 great sword.
The orc warrior barely misses itself.
Your Fighting skill increases to level 14!
Unknown command.
The orc knight seems less confused.
The orc warrior seems less confused. x2
The orc warrior closely misses you. The orc warrior completely misses you.
There is an entrance to Zenur's Distillery here.
Things that are here:
50 gold pieces; a +0 long sword; a +0 plate armour Unknown command.
You claw the orc warrior!
The orc warrior is almost dead.
The orc warrior misses you. x2
You can now merge with and destroy a victim.
Unknown command.
You scratch the orc warrior.
You kill the orc warrior!
Unknown command.
Okay, then.
The orc knight misses you.
Things that are here:
100 gold pieces; a +0 glaive; a +0 chain mail
Aiming: Line Pass
Press: ? - help, Dir - move target The orc knight appears confused.
You can no longer merge with and destroy a victim.
The orc knight completely misses you.
You claw the orc knight!
The orc knight is lightly wounded.
Unknown command.
Unknown command.
Unknown command.
The orc knight hits the orc knight with a +0 war axe!
The orc knight hits you with a +0 war axe!!
You die...

▓▓▓▓▓▓▓▓▓▓▓▓▓▓▓▓▓▓▓▓▓▓▓▓▓▓▓▓▓▓▓▓▓
▓.........)......................
▓.▓▓▓▓▓▓▓▓▓▓▓▓▓▓▓▓▓▓▓▓▓▓▓▓▓▓▓▓▓▓▓
▓.........'.(..).)..)†)†).'.?....
▓▓▓▓▓▓▓▓▓▓▓▓▓▓▓▓▓▓▓▓▓▓▓▓▓▓▓▓▓▓▓▓▓
▓................................
▓.▓▓▓▓▓▓▓▓▓▓▓▓▓▓▓▓▓▓▓▓▓▓▓▓▓▓▓▓▓▓▓
▓.........'$$$$$hoooo.∩....
▓▓▓▓▓▓▓▓▓▓▓▓▓▓▓▓▓▓▓▓▓▓▓▓▓▓▓
▓▓▓▓▓▓▓▓▓▓▓▓▓▓▓▓▓▓▓▓
+..[[[[..')![YYYYYYY
▓▓▓▓▓▓▓▓▓▓▓▓▓▓▓▓▓▓▓▓
▓▓▓▓▓▓▓▓▓▓▓▓▓▓▓▓▓▓▓▓▓▓▓
+...†T['..[[[.)..'_____


You could see 3 orc knights and an orc warrior (strong).

Vanquished Creatures
  Nessos (D)
  2 stone giants (D)
  A bunyip (D)
  A spark wasp (D)
  An ice dragon (D)
  A rakshasa (D)
  2 hydras (D)
  An alligator (D)
  A deep troll earth mage (D)
  A tengu warrior (D)
  An occultist (D)
  A spriggan druid (D)
  5 orc knights (D)
  A deep elf pyromancer (D)
  An ugly thing (D)
  A will-o-the-wisp (D)
  Joseph (D)
  2 yaktaurs (D)
  A tengu conjurer (D)
  A troll (D)
  A tyrant leech (D)
  A slime creature (D)
  A shadow (D)
  A wraith (D)
  Eustachio (D)
  A yak (D)
  A swamp drake (D)
  5 orc warriors (D)
  A gnoll sergeant (D)
  A scorpion (D)
  A jelly (D)
  3 adders (D)
  An endoplasm (D)
  A giant cockroach (D)
  A goblin (D)
  2 hobgoblins (D)
50 creatures vanquished.

Vanquished Creatures (others)
  A deep troll shaman (D)
  A basilisk (D)
2 creatures vanquished.

Grand Total: 52 creatures vanquished

Notes
Turn   | Place    | Note
-------+----------+-------------------------------------------
     0 | D        | Groucho the Felid Shapeshifter began the quest for the Orb.
     0 | D        | Reached XP level 1. HP: 10/10 MP: 2/2
     8 | D        | Reached skill level 1 in Stealth
    12 | D        | Reached skill level 1 in Invocations
    17 | D        | Reached skill level 2 in Stealth
   224 | D        | Noticed a scorpion
   224 | D        | Noticed a jelly
   227 | D        | Reached XP level 2. HP: 15/15 MP: 2/4
   229 | D        | Reached skill level 4 in Stealth
   229 | D        | Reached XP level 3. HP: 20/20 MP: 2/6
   235 | D        | Killed a scorpion
   236 | D        | Reached skill level 5 in Stealth
   236 | D        | Reached skill level 5 in Unarmed Combat
   236 | D        | Reached XP level 4. HP: 25/25 MP: 2/8
   236 | D        | Gained a life (2 lives remaining)
   379 | D        | Found a snail-covered altar of Cheibriados.
   379 | D        | Found a shadowy altar of Dithmenos.
   379 | D        | Found a white marble altar of Elyvilon.
   379 | D        | Found a blossoming altar of Fedhas.
   379 | D        | Found an opulent altar of Gozag.
   380 | D        | Found a hazy altar of Hepliaklqana.
   381 | D        | Found a viscous altar of Jiyva.
   382 | D        | Found an ancient bone altar of Kikubaaqudgha.
   383 | D        | Found a corrupted altar of Lugonu.
   384 | D        | Found a burning altar of Makhleb.
   385 | D        | Found a sparkling altar of Nemelex Xobeh.
   386 | D        | Found an iron altar of Okawaru.
   387 | D        | Found a stormy altar of Qazlal.
   388 | D        | Found a sacrificial altar of Ru.
   389 | D        | Found a shimmering blue altar of Sif Muna.
   390 | D        | Found a bloodstained altar of Trog.
   391 | D        | Found a hide-covered altar of Uskayaw.
   392 | D        | Found a radiant altar of Vehumet.
   393 | D        | Found an ornate altar of the Wu Jian Council.
   394 | D        | Found a shimmering altar of Xom.
   395 | D        | Found a basalt altar of Yredelemnul.
   396 | D        | Found a glowing silver altar of Zin.
   397 | D        | Found a glowing golden altar of the Shining One.
   399 | D        | Became a worshipper of Uskayaw the Reveller
   424 | D        | Noticed a shadow
   424 | D        | Noticed a gnoll sergeant
   424 | D        | Noticed a troll
   424 | D        | Noticed a wraith
   424 | D        | Noticed a yak
   424 | D        | Noticed a troll
   426 | D        | Reached * piety under Uskayaw
   427 | D        | Killed a troll
   428 | D        | Reached skill level 8 in Stealth
   428 | D        | Reached skill level 5 in Invocations
   428 | D        | Reached XP level 5. HP: 31/32 MP: 8/10
   428 | D        | Gained mutation: You are covered in thick fur. (AC +2)
                  | [Felid growth]
   428 | D        | Reached XP level 6. HP: 35/36 MP: 8/11
   428 | D        | Reached ** piety under Uskayaw
   430 | D        | Reached *** piety under Uskayaw
   431 | D        | Killed a yak
   432 | D        | Reached skill level 9 in Stealth
   432 | D        | Reached **** piety under Uskayaw
   433 | D        | Killed a wraith
   433 | D        | Reached ***** piety under Uskayaw
   434 | D        | Reached skill level 10 in Stealth
   434 | D        | Reached XP level 7. HP: 42/42 MP: 8/13
   439 | D        | Reached skill level 5 in Shapeshifting
   439 | D        | Killed a shadow
   440 | D        | HP: 2/42 [troll (9)]
   443 | D        | Slain by a troll
   443 | D        | Lost a life (1 life remaining)
   451 | D        | Noticed a yak
   451 | D        | Noticed a death yak
   452 | D        | Noticed a catoblepas
   453 | D        | Noticed a death yak
   454 | D        | Noticed a catoblepas
   455 | D        | Noticed a death yak
   458 | D        | HP: 2/42 [death yak (20)]
   459 | D        | Noticed a death yak
   459 | D        | Slain by a death yak
   459 | D        | Lost a life (0 lives remaining)
   470 | D        | Noticed Eustachio
   477 | D        | Killed Eustachio
   478 | D        | Reached skill level 11 in Stealth
   482 | D        | Noticed Joseph
   489 | D        | Killed Joseph
   490 | D        | Reached XP level 8. HP: 48/48 MP: 13/15
   490 | D        | Gained a life (1 life remaining)
   571 | D        | Noticed a five-headed hydra
   571 | D        | Noticed a yaktaur
   571 | D        | Noticed a yaktaur
   571 | D        | Noticed a slime creature
   571 | D        | Noticed a deep elf pyromancer
   572 | D        | Noticed an orc knight
   579 | D        | Killed a slime creature
   580 | D        | Reached skill level 12 in Stealth
   580 | D        | Noticed a purple ugly thing
   588 | D        | Killed a deep elf pyromancer
   589 | D        | Noticed an occultist
   594 | D        | Killed a five-headed hydra
   595 | D        | Reached skill level 13 in Stealth
   595 | D        | Reached skill level 10 in Unarmed Combat
   595 | D        | Reached XP level 9. HP: 48/54 MP: 15/17
   595 | D        | Noticed an ice dragon
   597 | D        | Killed a yaktaur
   597 | D        | Reached ****** piety under Uskayaw
   598 | D        | Reached skill level 10 in Fighting
   598 | D        | Noticed a spark wasp
   599 | D        | Noticed a rakshasa
   600 | D        | Killed a yaktaur
   601 | D        | Reached skill level 14 in Stealth
   601 | D        | Reached skill level 10 in Invocations
   601 | D        | Killed an orc knight
   602 | D        | Noticed a stone giant
   603 | D        | Noticed a deep troll shaman
   604 | D        | Killed a purple ugly thing
   605 | D        | Reached skill level 10 in Dodging
   605 | D        | Noticed a tengu conjurer
   606 | D        | Killed an occultist
   607 | D        | Reached skill level 15 in Stealth
   607 | D        | Reached XP level 10. HP: 56/60 MP: 16/19
   607 | D        | Gained a life (2 lives remaining)
   607 | D        | Killed an ice dragon
   611 | D        | Killed a spark wasp
   613 | D        | Killed a deep troll shaman
   620 | D        | Killed a stone giant
   621 | D        | Reached skill level 16 in Stealth
   625 | D        | Killed a rakshasa
  1295 | D        | Noticed Nessos
  1302 | D        | Killed Nessos
  1303 | D        | Reached XP level 11. HP: 66/66 MP: 21/21
  1377 | D        | Noticed an alligator
  1377 | D        | Noticed a bunyip
  1377 | D        | Noticed a four-headed hydra
  1378 | D        | Noticed a spriggan druid
  1379 | D        | Killed a four-headed hydra
  1380 | D        | Reached skill level 17 in Stealth
  1380 | D        | Noticed a swamp dragon
  1402 | D        | Killed an alligator
  1407 | D        | Killed a bunyip
  1416 | D        | Killed a spriggan druid
  1417 | D        | Reached skill level 18 in Stealth
  1417 | D        | Noticed a bog body
  1418 | D        | Mangled by a swamp dragon
  1418 | D        | Lost a life (1 life remaining)
  1450 | D        | Noticed a frost giant
  1450 | D        | Noticed a glowing orange brain
  1450 | D        | Noticed an ettin
  1450 | D        | Noticed a stone giant
  1450 | D        | Noticed a tengu warrior
  1450 | D        | Noticed a deep troll earth mage
  1451 | D        | Noticed a cyan very ugly thing
  1458 | D        | Killed a deep troll earth mage
  1459 | D        | Noticed a deep troll shaman
  1469 | D        | Killed a stone giant
  1472 | D        | Killed a tengu warrior
  1473 | D        | Noticed a fire dragon
  1473 | D        | Noticed an ice dragon
  1474 | D        | Mangled by an ettin
  1474 | D        | Lost a life (0 lives remaining)
  1578 | D        | Found Usmoula's Assorted Antiques.
  1578 | D        | Noticed an orc knight
  1578 | D        | Noticed an orc knight
  1578 | D        | Noticed an orc knight
  1581 | D        | Found Zenur's Distillery.
  1582 | D        | Killed an orc knight
  1587 | D        | Killed an orc knight
  1588 | D        | Found Sonn's Magic Scroll Shop.
  1589 | D        | Noticed an orc knight
  1592 | D        | Killed an orc knight
  1593 | D        | Reached skill level 19 in Stealth
  1594 | D        | Found Tucholla's General Store.
  1594 | D        | Noticed an orc knight
  1600 | D        | Noticed an orc knight
  1603 | D        | Killed an orc knight
  1603 | D        | Noticed an orc knight
  1610 | D        | Mangled by an orc knight

Illustrated notes

Levels and vault maps discovered:
D:        linesprint [early_d, line_temple, items_1, d_10, items_2, lair_1,
          lair_end, items_3, orc_1, orc_end, items_4, d_15, swamp_1, shoals_1,
          snake_1, spider_1, d_20, vaults_1, items_5, swamp_end, shoals_end,
          snake_end, spider_end, vaults_end, d_27, items_6, zot_1, zot_end,
          crypt_end, forest_end, elf_end, slime_end, tomb_end, abyss_end,
          pan_hell_end]

Skill      XL: |  1  2  3  4  5  6  7  8  9 10 11 |
---------------+----------------------------------+-----
Stealth        | 2 4 5 8 10 11 13 15 16 19 | 19.2
Dodging        | 3 4 6 7 8 9 10 11 13 | 13.1
Invocations    | 1 2 4 5 6 8 9 10 12 13 | 13.9
Fighting       | 2 3 4 6 7 8 9 10 12 14 | 14.0
Shapeshifting  | 3 4 5 6 7 8 |  8.9
Unarmed Combat | 4 5 6 7 8 10 11 12 14 | 14.2

Action                     |  1- 3 |  4- 6 |  7- 9 | 10-12 || total
---------------------------+-------+-------+-------+-------++-------
  Melee: Unarmed           |    20 |     8 |    36 |    76 ||   140
         Bite              |     4 |     3 |     4 |    12 ||    23
         Punch             |       |       |     2 |     6 ||     8
 Invoke: Line Pass         |       |       |     1 |     7 ||     8
    Use: Potion            |     2 |       |     4 |     3 ||     9
   Stab: Sleeping          |     2 |     1 |     2 |     4 ||     9
         Paralysed         |       |     2 |     1 |     5 ||     8
         Confused          |       |       |     1 |     4 ||     5
         Invisible         |       |       |     4 |     2 ||     6
         Petrified         |       |       |     1 |       ||     1
         Distracted        |       |       |       |     1 ||     1
 Armour: Skin              |     4 |     2 |    19 |    19 ||    44
  Dodge: Dodged            |     8 |     4 |    47 |    68 ||   127
